 Dungeon Crawl Stone Soup version 0.28-a0-1412-gf95308ed99 (webtiles) character file.

Game seed: 3099992668362719366

2781 croobank the Schismatic (level 9, 0/69 HPs)
             Began as a Demonspawn Abyssal Knight on Jan 6, 2022.
             Was an Elder of Lugonu.
             Engulfed by a cloud of flame (5 damage)
             ... on level 9 of the Dungeon.
             The game lasted 00:39:30 (9198 turns).

croobank the Schismatic (Demonspawn Abyssal Knight) Turns: 9198, Time: 00:39:31

Health: 0/69       AC: 15    Str: 22    XL:     9   Next: 43%
Magic:  14/14      EV: 10    Int: 13    God:    Lugonu [****..]
Gold:   386        SH:  0    Dex: 14    Spells: 7/8 levels left

rFire   . . .      SeeInvis .   a - +1 hand axe (vorpal)
rCold   . . .      Faith    .   (no shield)
rNeg    + . .      Spirit   .   c - +1 chain mail "Moappid" {rN+}
rPois   .          Reflect  .   e - +1 helmet
rElec   .          Harm     .   n - +0 cloak
rCorr   +          Rampage  .   (no gloves)
Will    .....                   (no boots)
Stlth   ..........              (no amulet)
HPRegen 0.21/turn               r - +6 ring of strength
MPRegen 0.14/turn               u - ring of resist corrosion

@: brilliant, about to teleport, hasted (expiring), very quick
A: demonic guardian 2, sharp scales 1, condensation shield, weakness stinger 1
a: Renounce Religion, Depart the Abyss, Bend Space, Banish, Corrupt


You were on level 9 of the Dungeon.
You worshipped Lugonu.
Lugonu was greatly pleased with you.
You visited 1 branch of the dungeon, and saw 9 of its levels.
You visited the Abyss 1 time.

You collected 386 gold pieces.

Inventory:

Hand Weapons
 a - a +1 vorpal hand axe (weapon)
 g - a +2 mace of protection
 s - a +2 antimagic falchion
 w - a +2 flail of pain
 L - a +0 battleaxe
Missiles
 i - 203 stones
 v - 69 bolts
 A - 3 boomerangs
 B - 89 arrows
 G - 11 sling bullets
Armour
 c - the +1 chain mail "Moappid" (worn) {rN+}
   (You found it on level 7 of the Dungeon)

   rN:        It protects you from negative energy.
 e - a +1 helmet (worn)
 n - a +0 cloak (worn)
 q - a +1 kite shield of fire resistance
 x - a scarf of shadows
 F - a +0 plate armour
Jewellery
 r - a +6 ring of strength (left hand)
 u - a ring of resist corrosion (right hand)
Wands
 l - a wand of polymorph (7)
 t - a wand of iceblast (3)
Scrolls
 d - a scroll of blinking
 o - 4 scrolls of enchant weapon
 y - a scroll of brand weapon
Potions
 f - a potion of mutation
 j - 2 potions of curing
 m - a potion of lignification
 p - 3 potions of flight
 I - a potion of cancellation {unknown}
 J - a potion of resistance {unknown}


   Skills:
 + Level 6.2 Fighting
 + Level 4.3 Long Blades
 + Level 5.2 Axes
 + Level 5.2 Armour
 + Level 4.8 Dodging
 + Level 7.3 Invocations


You had 7 spell levels left.
You knew the following spells:

 Your Spells              Type           Power      Damage    Failure   Level
a - Magic Dart            Conj           0%         1d3       94%         1

Your spell library contained the following spells:

 Spells                   Type           Power      Damage    Failure   Level
 Summon Small Mammal      Summ           0%         N/A       94%         1
 Corpse Rot               Necr/Air       0%         N/A       98%         2
 Poisonous Vapours        Pois/Air       0%         N/A       98%         2
 Searing Ray              Conj           0%         2d4       98%         2
 Call Canine Familiar     Summ           0%         N/A       100%        3
 Ozocubu's Armour         Ice            0%         N/A       100%        3
 Summon Guardian Golem    Hex/Summ       0%         N/A       100%        3
 Fulminant Prism          Conj/Hex       0%         3d6       100%        4
 Ozocubu's Refrigeration  Ice            0%         4d5       100%        7


Dungeon Overview and Level Annotations

Branches:
Dungeon (9/15)             Temple (0/1) D:5
   Lair: D:8-11         Orc: D:9-12

Altars:
Cheibriados
Dithmenos
Elyvilon
Okawaru
Qazlal
Vehumet
Wu Jian
Yredelemnul

Shops:
D:4 *   D:7 :

Portals:
Abyss: D:6

Annotations:
D:6 2 transporters, Vadun's ghost, novice DsGl


Innate Abilities, Weirdness & Mutations

A demonic guardian rushes to your aid.
You are partially covered in razor-sharp scales. (AC +1, Slay +1)
A meltable shield of frost defends you. (SH +0)
You have a small tail.


Message History

The centaur hits you but does no damage.
The centaur misses you.
The centaur shoots an arrow.
The arrow hits your rust devil.
Okay, then.
As you read the scroll labelled JUH AJIPADAAFA, it crumbles to dust.
The creatures around you are filled with an inner flame!
It was a scroll of immolation.
The yak closely misses you.
The centaur hits you but does no damage.
The centaur closely misses you.
The centaur shoots an arrow.
The arrow hits your rust devil but does no damage.
As you read the scroll labelled TONAMIHOUZ, it crumbles to dust.
You feel strangely unstable.
It was a scroll of teleportation.
Your extra speed is starting to run out.
The centaur shoots an arrow.
The arrow hits your rust devil! Flame seeps out of your rust devil.
The yak gores you but does no damage. The centaur closely misses you.
The centaur barely misses you.
The centaur shoots an arrow.
The arrow barely misses your rust devil.
The arrow hits you.
You hit the yak but do no damage.
The yak is severely wounded.
You hit the centaur but do no damage.
The centaur shoots an arrow.
The arrow hits your rust devil. Flame seeps out of your rust devil.
The centaur hits you but does no damage.
The centaur kicks you but does no damage.
You barely miss the yak.
The yak is severely wounded.
You closely miss the centaur. The yak gores you!
* * * LOW HITPOINT WARNING * * *
The centaur closely misses you. You block the centaur's attack.
The centaur shoots an arrow.
The arrow hits your rust devil.
Your rust devil disappears in a puff of smoke!
Your rust devil explodes!
The fiery explosion engulfs you!
Your condensation shield dissipates!
* * * LOW HITPOINT WARNING * * *
You hear a roar!
You hear a bellow!
You hear a shout!
You hear a bellow!
You hear a shout!
You are engulfed in blazing flames.
You die...

#......####.....
#......# #...
##.....# ..
#..#### ##Y#
#Y## #cY# ##§#
#@## #°§#
c.....c.......#
.....c........#
..............#
###...........#
#...........#
#............
#............


You could see 3 yaks and 3 centaurs.

Vanquished Creatures
  A yak (D:8)
  Menkaure (D:7)
  An acid dragon (D:7)
  A water moccasin (D:5)
  A black bear (D:6)
  A sky beast (D:6)
  3 ice beasts
  A necrophage (D:6)
  3 ogres
  A centaur (D:7)
  2 phantoms
  A kobold brigand (D:6)
  3 scorpions
  2 orc priests
  A gnoll shaman (D:7)
  2 hounds (D:5)
  4 iguanas
  7 orc wizards
  A hound skeleton (D:4)
  9 adders
  9 gnolls
  A white imp (D:5)
  An adder skeleton (D:5)
  A worm (D:3)
  30 orcs
  5 ball pythons
  2 bats
  7 endoplasms
  5 giant cockroaches
  5 goblins
  7 hobgoblins
  6 jackals
  6 quokkas
  2 frilled lizards (D:1)
  16 kobolds
  5 rats
154 creatures vanquished.

Vanquished Creatures (collateral kills)
  A water moccasin (D:7)
  An orc warrior (D:7)
  An ogre (D:5)
  A gnoll (D:6)
  4 orcs
  A goblin (D:3)
9 creatures vanquished.

Vanquished Creatures (others)
  A plant (D:1)
1 creature vanquished.

Grand Total: 164 creatures vanquished

Notes
Turn   | Place    | Note
-------+----------+-------------------------------------------
     0 | Abyss:1  | croobank the Demonspawn Abyssal Knight began the quest for
                  | the Orb.
     0 | Abyss:1  | Reached XP level 1. HP: 18/18 MP: 2/2
    47 | D:1      | Escaped the Abyss
    91 | D:1      | Reached skill level 1 in Dodging
   333 | D:1      | Gained mutation: A meltable shield of frost defends you.
                  | (SH +0) [demonic ancestry]
   333 | D:1      | Reached XP level 2. HP: 19/24 MP: 4/4
   484 | D:1      | Learned a level 1 spell: Magic Dart
   541 | D:1      | Found a faded altar of an unknown god.
  1035 | D:2      | Reached skill level 3 in Invocations
  1247 | D:2      | Gained mutation: A weak demonic guardian rushes to your
                  | aid. [demonic ancestry]
  1247 | D:2      | Reached XP level 3. HP: 29/29 MP: 5/5
  1487 | D:2      | Found Tuobeust's Armour Shoppe.
  1500 | D:2      | Found an iron altar of Okawaru.
  1765 | D:2      | Reached ** piety under Lugonu
  1810 | D:2      | Reached XP level 4. HP: 35/35 MP: 6/6
  2176 | D:3      | Found a basalt altar of Yredelemnul.
  2509 | D:3      | Gained mutation: A demonic guardian rushes to your aid.
                  | [demonic ancestry]
  2509 | D:3      | Reached XP level 5. HP: 42/42 MP: 7/7
  3103 | D:4      | Found an iron altar of Okawaru.
  3103 | D:4      | Found an ornate altar of the Wu Jian Council.
  3250 | D:4      | Reached skill level 4 in Invocations
  3272 | D:4      | Reached *** piety under Lugonu
  3782 | D:4      | Found Sefiheso's Neck Hole.
  4230 | D:5      | Entered Level 5 of the Dungeon
  4252 | D:5      | Reached skill level 1 in Long Blades
  4252 | D:5      | Gained mutation: You have a small tail. [demonic ancestry]
  4252 | D:5      | Reached XP level 6. HP: 10/48 MP: 9/9
  4524 | D:5      | Noticed an ice beast
  4549 | D:5      | Killed an ice beast
  4770 | D:5      | Reached XP level 7. HP: 37/54 MP: 10/10
  4947 | D:5      | Found a staircase to the Ecumenical Temple.
  5037 | D:5      | Reached skill level 5 in Invocations
  5933 | D:6      | Gained mutation: You are partially covered in razor-sharp
                  | scales. (AC +1, Slay +1) [demonic ancestry]
  5933 | D:6      | Reached XP level 8. HP: 37/61 MP: 12/12
  5950 | D:6      | Reached skill level 5 in Fighting
  6148 | D:6      | Noticed a toenail golem
  6160 | D:6      | Found a one-way gate to the infinite horrors of the Abyss.
  6160 | D:6      | Noticed Vadun's ghost (novice DsGl)
  6160 | D:6      | Noticed a white ugly thing
  6270 | D:6      | Found a transporter.
  6276 | D:6      | Found a shadowy altar of Dithmenos.
  6290 | D:6      | Noticed a worldbinder
  6294 | D:6      | Found a transporter.
  6316 | D:6      | Found a snail-covered altar of Cheibriados.
  6389 | D:6      | Reached skill level 6 in Invocations
  7315 | D:6      | Found a radiant altar of Vehumet.
  7766 | D:7      | Reached XP level 9. HP: 69/69 MP: 12/14
  7797 | D:7      | Noticed Menkaure
  7811 | D:7      | Killed Menkaure
  8338 | D:7      | Reached **** piety under Lugonu
  8345 | D:7      | Identified the +1 chain mail "Moappid" {rN+}
  8401 | D:7      | Reached skill level 7 in Invocations
  8489 | D:7      | Reached skill level 5 in Armour
  8725 | D:7      | Found Getet's Book Shoppe.
  8781 | D:8      | Found a stormy altar of Qazlal.
  8793 | D:7      | Reached skill level 5 in Axes
  9198 | D:9      | Engulfed by a cloud of flame

Illustrated notes

Levels and vault maps discovered:
D:1:      erik_arrival_blinker_ship, layout_loops_ring,
          ebering_ecumenical_altar_rust, grunt_decor_arrowhead,
          serial_bayou_ford_a
D:2:      layout_basic, basic_altar, serial_shops, shop
D:3:      layout_basic, kennysheep_ying_yang, gup_sewer_entry_bowl,
          grunt_decor_fettered
D:4:      layout_layer_cave, mainiacjoe_overflow_divided_tiny, serial_glass,
          glass_columns_a, glass_columns_a, due_unseen_surprise,
          feat_on_display, feat_on_display, minmay_strange_pillars,
          mrwooster_statue_mirror, nicolae_shop_sticking_my_neck_out
D:5:      layout_loops_cross, minmay_temple_entry_tees
D:6:      layout_basic, cheibriados_altar_1,
          nicolae_dithmenos_through_a_glass_darkly,
          lemuel_coloured_pillars_altar, gammafunk_ghost_abyssal_escape
D:7:      layout_basic, serial_shops, kennysheep_mini_moat, nrook_pool_corridor,
          uniq_menkaure
D:8:      layout_rooms, mainiacjoe_overflow_tiny_flanked, kennysheep_mini,
          grunt_qazlal_clouds
D:9:      layout_basic, nicolae_gozag_zags_fifth_avenue,
          mainiacjoe_overflow_small_starburst

Skill      XL: |  1  2  3  4  5  6  7  8  9 |
---------------+----------------------------+-----
Dodging        | 1 2 3 4 |  4.8
Axes           | 2 3 4 5 |  5.2
Armour         | 2 3 4 5 |  5.2
Invocations    | 3 4 5 6 7 |  7.3
Fighting       | 4 5 6 |  6.2
Long Blades    | 1 2 3 4 |  4.3

Action                   |  1- 3 |  4- 6 |  7- 9 || total
-------------------------+-------+-------+-------++-------
Melee: Hand axe          |   115 |   134 |   319 ||   568
       Tailslap          |       |     9 |    57 ||    66
       Punch             |       |     1 |     6 ||     7
  Use: Scroll            |       |     4 |     9 ||    13
       Potion            |       |     1 |     3 ||     4
Armor: Leather armour    |    16 |       |       ||    16
       Ring mail         |    16 |    41 |    66 ||   123
       Chain mail        |       |       |    71 ||    71
Dodge: Dodged            |    61 |    84 |   134 ||   279
Block: Other             |    23 |    27 |    53 ||   103

Table legend: (Time is in decaauts)
 A = Elapsed time spent in this place.
 B = Non-inter-level travel time spent in this place.
 C = Inter-level travel time spent in this place.
 D = Time resting spent in this place.
 E = Time spent auto-exploring this place.
 F = Levels seen in this place.
 G = Mean time per level.
                   A        B        C        D        E       F      G
               +--------+--------+--------+--------+--------+-----+--------+
         Total |   9278 |   9035 |    243 |   2293 |   4764 |  10 |  927.8 |
       Dungeon |   9231 |   8988 |    243 |   2293 |   4759 |   9 | 1025.7 |
         Abyss |     47 |     47 |      0 |      0 |      5 |   1 |   47.0 |
               +--------+--------+--------+--------+--------+-----+--------+

Top non-repeatable levels by time:
     D:5: 1693 daAuts
     D:6: 1567 daAuts
     D:7: 1544 daAuts
     D:4: 1327 daAuts
     D:3: 1119 daAuts
     D:1: 977 daAuts
     D:2: 819 daAuts
     D:8: 153 daAuts
 Abyss:1: 47 daAuts
     D:9: 28 daAuts
